 Dungeon Crawl Stone Soup version 0.28-a0-29-g0adfcbbeba (webtiles) character file.

Game seed: 9604884748561658564

125 Jawa73 the Grave Robber (level 4, -3/36 HPs)
             Began as a Deep Dwarf Necromancer on July 27, 2021.
             Slain by an ogre (22 damage)
             ... on level 3 of the Dungeon.
             The game lasted 00:20:40 (2935 turns).

Jawa73 the Grave Robber (Deep Dwarf Necromancer)    Turns: 2935, Time: 00:20:41

Health: -3/36      AC:  5    Str: 11    XL:     4   Next: 82%
Magic:  0/8        EV: 12    Int: 17    God:
Gold:   51         SH:  0    Dex: 13    Spells: 4/9 levels left

rFire   . . .      SeeInvis .   (no weapon)
rCold   . . .      Faith    .   (no shield)
rNeg    . . .      Spirit   .   a - +0 robe
rPois   .          Reflect  .   (no helmet)
rElec   .          Harm     .   k - +0 cloak
rCorr   .          Rampage  .   f - +0 pair of gloves
Will    +....                   g - +0 pair of boots
Stlth   ++........              l - amulet of the acrobat
HPRegen 0.00/turn               j - ring of willpower
MPRegen 0.11/turn               (no ring)

@: no status effects
A: damage resistance, heal wounds, sense surroundings 1, no regeneration
a: Heal Wounds


You were on level 3 of the Dungeon.
You visited 1 branch of the dungeon, and saw 4 of its levels.

You collected 142 gold pieces.
You spent 91 gold pieces at shops.

Inventory:

Armour
 a - a +0 robe (worn)
 f - a +0 pair of gloves (worn)
 g - a +0 pair of boots (worn)
 k - a +0 cloak (worn)
Jewellery
 j - a ring of willpower (left hand)
 l - an amulet of the acrobat (around neck)
Wands
 e - a wand of iceblast (6)
 m - a wand of paralysis (8)
Scrolls
 c - 2 scrolls of amnesia
Potions
 b - 2 potions of curing
 d - 2 potions of haste
 h - a potion of degeneration
 i - a potion of mutation {unknown}
 n - a potion of magic


   Skills:
 * Level 1.1 Armour
 * Level 2.6 Dodging
 - Level 2.4 Stealth
 * Level 3.0 Spellcasting
 * Level 5.5 Necromancy


You had 4 spell levels left.
You knew the following spells:

 Your Spells              Type           Power      Damage    Failure   Level
a - Pain                  Necr           84%        1d8       1%          1
b - Animate Skeleton      Necr           42%        N/A       1%          1
c - Vampiric Draining     Necr           10%        2d7       5%          3

Your spell library contained the following spells:

 Spells                   Type           Power      Damage    Failure   Level
 Animate Dead             Necr           10%        N/A       19%         4
 Agony                    Necr           21%        N/A       45%         5
 Borgnjor's Vile Clutch   Necr/Erth      6%         N/A       83%         5
 Alistair's Intoxication  Tmut/Pois      1%         N/A       99%         5
 Eringya's Noxious Bog    Tmut/Pois      1%         N/A       100%        6


Dungeon Overview and Level Annotations

Branches:
Dungeon (4/15)
 Temple: D:4-7

Altars:
Ashenzari
Dithmenos
Gozag
Sif Muna

Shops:
D:2 ?*((   D:3 :*


Innate Abilities, Weirdness & Mutations

You are resistant to damage.
You can heal yourself by infusing magical energy.
You passively map a small area around you.
You do not regenerate.


Message History

There is a stone staircase leading down here.
The jackal completely misses you. The jackal completely misses you.
The jackal completely misses you.
Aiming: Pain (safe; 1% risk of failure)
Press: ? - help, Q - select action, (/) - cycle Shift-Dir - straight line, f - jackal
Aim: a jackal (chance to affect: 91%)
The jackal writhes in agony!
You kill the jackal!
Aiming: Pain (safe; 1% risk of failure)
Press: ? - help, Q - select action, (/) - cycle Shift-Dir - straight line, f - jackal
Aim: a jackal (chance to affect: 91%)
The jackal writhes in agony.
The jackal misses you.
The jackal bites you but does no damage.
Aiming: Pain (safe; 1% risk of failure)
Press: ? - help, Q - select action, (/) - cycle Shift-Dir - straight line, f/p - jackal
Aim: a jackal (heavily wounded, chance to affect: 91%)
The jackal writhes in agony.
The jackal bites you but does no damage.
Aiming: Pain (safe; 1% risk of failure)
Press: ? - help, Q - select action, (/) - cycle Shift-Dir - straight line, f/p - jackal
Aim: a jackal (severely wounded, chance to affect: 91%)
The jackal writhes in agony.
You kill the jackal!
Casting: Pain (safe; 1% risk of failure)
Confirm with . or Enter, or press ? or * to list all spells.
Aiming: Vampiric Draining (dangerous; 5% risk of failure)
Press: ? - help, Shift-Dir - straight line, f - ogre
Aim: an ogre, wielding a +0 giant club (moderately wounded)
You draw life force from the ogre.
You feel life coursing into your body. The ogre barely misses you.
There is a stone staircase leading up here.
Aiming: Pain (safe; 1% risk of failure)
Press: ? - help, Q - select action, (/) - cycle Shift-Dir - straight line, f/p - ogre
Aim: an ogre, wielding a +0 giant club (moderately wounded, chance to affect: 80%)
The ogre writhes in agony.
The ogre hits you with a +0 giant club!!
Ouch! That really hurt!
You die...

############ #..........#
######.########.# .......#
#.############ #.####.#
#.....≈≈≈≈≈≈≈# ..#########
#..≈≈≈≈.....≈#
...#......#####.@≈....⌠.⌠.≈#
.#.#.####.#.....O.._...∩..≈#
<.......>.#.#.#..≈....⌠.⌠.≈#
..........#.#....≈≈≈≈.....≈#
...#.#.#..#.###.....≈≈≈≈≈≈≈#
...#.#....#......#<.#......#
...#.####.#####.##..######.#
...#.# #..†.....#.....# #.#
.....# #######.....##.# #.#


You could see an ogre.

Vanquished Creatures
  A hound (D:3)
  Crazy Yiuf (D:2)
  A worm (D:3)
  An orc (D:4)
  3 bats
  7 endoplasms
  2 giant cockroaches
  3 hobgoblins
  13 jackals
  3 quokkas
  3 ball pythons
  A frilled lizard (D:1)
  4 goblins
  3 kobolds (D:1)
  4 rats
50 creatures vanquished.

Vanquished Creatures (collateral kills)
  A bat (D:1)
  An endoplasm (D:1)
  A rat (D:1)
3 creatures vanquished.

Grand Total: 53 creatures vanquished

Notes
Turn   | Place    | Note
-------+----------+-------------------------------------------
     0 | D:1      | Jawa73 the Deep Dwarf Necromancer began the quest for the
                  | Orb.
     0 | D:1      | Reached XP level 1. HP: 15/15 MP: 3/3
     4 | D:1      | Learned a level 1 spell: Animate Skeleton
   477 | D:1      | Reached XP level 2. HP: 7/22 MP: 1/4
   981 | D:1      | HP: 1/22 [frozen (3)]
  1148 | D:1      | Reached XP level 3. HP: 28/28 MP: 3/6
  1153 | D:1      | Learned a level 3 spell: Vampiric Draining
  1381 | D:2      | Found Uweumyus's General Store.
  1417 | D:2      | Found Uriviqat's Weapon Shoppe.
  1459 | D:2      | Reached skill level 5 in Necromancy
  1495 | D:2      | Bought a +0 pair of boots for 63 gold pieces
  1609 | D:2      | Found Wukazipp's Antique Weapon Emporium.
  1705 | D:2      | Noticed a golden eye
  1707 | D:2      | Found a faded altar of an unknown god.
  1710 | D:2      | Noticed a floating eye
  1710 | D:2      | Noticed a shining eye
  1710 | D:2      | Noticed a golden eye
  1814 | D:2      | Found a runed translucent door.
  1815 | D:2      | Noticed Crazy Yiuf
  1840 | D:2      | Found Plog's Magic Scroll Shoppe.
  1847 | D:2      | Bought a scroll of identify for 28 gold pieces
  1945 | D:2      | Killed Crazy Yiuf
  1946 | D:2      | Reached XP level 4. HP: 14/36 MP: 1/8
  2033 | D:3      | Found an opulent altar of Gozag.
  2033 | D:3      | Found Gozag's Platinum Reserve.
  2147 | D:3      | Found a broken altar of Ashenzari.
  2171 | D:3      | Found Cuotem's Book Shoppe.
  2256 | D:3      | Found a shimmering blue altar of Sif Muna.
  2268 | D:3      | Reached skill level 1 in Armour
  2467 | D:3      | Found a shadowy altar of Dithmenos.
  2583 | D:3      | You fall into a shaft and drop 1 floor!
  2586 | D:4      | Noticed an ogre
  2935 | D:3      | Slain by an ogre

Illustrated notes

Levels and vault maps discovered:
D:1:      nagdon_arrival_zigzag_paths, layout_basic, dk_noncrumbling_4
D:2:      layout_rooms, serial_shops, nicolae_shop_trees, nicolae_shop_stone,
          nicolae_square_shop, nicolae_diamond_shop,
          hellmonk_ecumenical_altar_watching_god, uniq_crazy_yiuf_cottage
D:3:      layout_basic, mainiacjoe_overflow_paths,
          nicolae_gozag_zags_fifth_avenue, nicolae_dithmenos_the_darkroom,
          cheibrodos_ashenzari_chains, serial_shops, shop
D:4:      layout_cave_pools, uniq_menkaure

Skill      XL: |  1  2  3  4 |
---------------+-------------+-----
Spellcasting   | 2 3 |  3.0
Necromancy     | 5 |  5.5
Armour         | 1 |  1.1
Dodging        | |  2.6
Stealth        | |  2.4

Action                   |  1- 3 |  4- 6 || total
-------------------------+-------+-------++-------
Melee: Unarmed           |    49 |     9 ||    58
 Cast: Pain              |    72 |    23 ||    95
       Animate Skeleton  |     5 |       ||     5
       Vampiric Draining |     1 |     7 ||     8
 Abil: Heal Wounds       |     2 |       ||     2
  Use: Scroll            |     5 |     2 ||     7
       Potion            |     2 |       ||     2
Armor: Robe              |    16 |     8 ||    24
Dodge: Dodged            |   129 |    37 ||   166

Table legend: (Time is in decaauts)
 A = Elapsed time spent in this place.
 B = Non-inter-level travel time spent in this place.
 C = Inter-level travel time spent in this place.
 D = Time resting spent in this place.
 E = Time spent auto-exploring this place.
 F = Levels seen in this place.
 G = Mean time per level.
                   A        B        C        D        E       F      G
               +--------+--------+--------+--------+--------+-----+--------+
         Total |   2935 |   2773 |    162 |    204 |   1778 |   4 |  733.8 |
       Dungeon |   2935 |   2773 |    162 |    204 |   1778 |   4 |  733.8 |
               +--------+--------+--------+--------+--------+-----+--------+

Top non-repeatable levels by time:
     D:1: 1351 daAuts
     D:3: 885 daAuts
     D:2: 681 daAuts
     D:4: 17 daAuts
